Senators vs Royaux
Created - November 30, 2020 at 19:21
Goals
|
| Senators |
1 |
2 |
3 |
6 |
| Royaux |
1 |
0 |
3 |
4 |
|
Shots
|
| Senators |
11 |
12 |
10 |
33 |
| Royaux |
11 |
6 |
14 |
31 |
|
1st period
1. Senators , Jake Evans 1 (A.J. Jenks 3, Brett Bulmer 3) at 3:30
2. Royaux , Jordie Benn 4 (Brandon Pirri 10, Mathew Barzal 5) at 17:37
Penalties :
Brandon Pirri (Cap) for Holding (Minor) at 13:07
2nd period
3. Senators , Jonathan Ferland 12 (Nathan Gerbe 21) at 4:16
4. Senators , A.J. Jenks 6 (Jake Evans 1, Grant Besse 7) at 16:17
Penalties :
Andy Andreoff (BIN) for Holding (Minor) at 6:24, Kasperi Kapanen (Cap) for Hooking (Minor) at 13:41, Marcus Pettersson (Cap) for Hooking (Minor) at 18:19
3rd period
5. Senators , Andy Andreoff 8 (Jonathan Ferland 13, Nathan Gerbe 22) at 0:16 (PP)
6. Royaux , Garrett Wilson 3 (Vladislav Namestnikov 6) at 3:47
7. Senators , Andy Andreoff 9 (Jonathan Ferland 14, Nathan Gerbe 23) at 3:53
8. Royaux , Rourke Chartier 1 (Sonny Milano 3) at 9:22
9. Royaux , Dylan Larkin 12 (Marcus Pettersson 10, Tye McGinn 12) at 12:30 (PP)
10. Senators , Nick Foligno 5 (Dylan Blujus 5) at 13:40
Penalties :
Rourke Chartier (Cap) for Holding (Minor) at 1:23, Igor Shesterkin (Cap) for Delaying the game (Minor) at 5:15 - Rourke Chartier served the penalty, Tomas Jurco (BIN) for Slashing (Minor) at 11:18, Nathan Gerbe (BIN) for Roughing (Minor) at 16:03
Goalie Stats
Justin Peters (BIN), 27 saves from 31 shots - (0.871), W, 9-8-0, 60:00 minutes
Igor Shesterkin (Cap), 27 saves from 33 shots - (0.818), L, 6-6-0, 60:00 minutes
Players Stats for Senators
Player Name G A P +/- PIM S H SB GA TA FO MP PP MP PK MP
------------------------------------------------------------------------------------
A.J. Jenks 1 1 2 2 0 3 0 0 0 0 0/0 7:11 0:00 0:00
Adam Ollas-Mattsson 0 0 0 1 0 0 0 0 0 0 0/0 3:28 0:00 0:00
Andy Andreoff 2 0 2 1 2 2 2 0 0 0 0/2 22:14 5:14 1:18
Anthony Richard 0 0 0 0 0 0 0 0 0 0 0/0 0:20 0:14 0:00
Branden Troock 0 0 0 0 0 0 0 0 0 0 0/0 1:48 0:00 1:48
Brett Bulmer 0 1 1 2 0 0 1 0 0 0 0/0 7:11 0:00 0:00
Dylan Blujus 0 1 1 2 0 0 0 0 0 0 0/0 19:13 3:47 2:09
Eric Mestery 0 0 0 2 0 0 1 2 0 0 0/0 19:13 3:47 2:09
Grant Besse 0 1 1 -1 0 1 2 0 0 1 0/1 10:40 0:07 0:00
Jack Dougherty 0 0 0 0 0 0 0 0 0 2 0/0 8:30 0:00 0:00
Jake Evans 1 1 2 2 0 2 0 0 0 0 0/3 7:11 0:00 0:00
Jonathan Ferland 1 2 3 1 0 5 2 0 2 1 3/5 23:41 5:17 2:47
Jordan Schroeder 0 0 0 0 0 3 0 0 0 0 6/9 16:54 4:27 1:04
Keegan Lowe 0 0 0 -1 0 3 0 2 0 2 0/0 28:49 6:06 3:01
Kevin Rooney 0 0 0 -1 0 4 1 0 0 1 5/11 10:46 0:00 0:06
Mason Geertsen 0 0 0 1 0 0 0 0 0 0 0/0 3:28 0:00 0:00
Maxim Letunov 0 0 0 0 0 0 0 0 0 0 0/0 0:00 0:00 0:00
Nathan Gerbe 0 3 3 1 2 3 2 1 1 0 21/41 22:49 5:17 1:49
Nick Foligno 1 0 1 0 0 1 2 1 1 0 0/2 15:50 4:27 0:00
Philippe Myers 0 0 0 0 0 0 0 0 0 0 0/0 8:30 0:00 0:00
Scott Harrington 0 0 0 -1 0 3 0 1 0 0 0/0 28:49 6:06 3:01
Tomas Jurco 0 0 0 0 2 2 1 0 0 0 0/0 16:22 4:27 0:33
Warren Foegele 0 0 0 0 0 0 0 0 0 0 0/0 0:15 0:09 0:00
Zemgus Girgensons 0 0 0 -1 0 1 0 0 1 0 0/0 11:35 0:00 0:55
Players Stats for Royaux
Player Name G A P +/- PIM S H SB GA TA FO MP PP MP PK MP
------------------------------------------------------------------------------------
Ben Hanowski 0 0 0 -1 0 4 0 3 0 0 0/0 20:30 3:15 2:33
Brandon Pirri 0 1 1 -2 2 5 2 0 0 1 1/2 18:50 1:45 1:21
Danny Kristo 0 0 0 1 0 1 0 1 1 0 6/8 14:17 0:00 5:14
Dylan Larkin 1 0 1 -1 0 4 2 0 0 0 7/22 17:37 3:15 0:00
Garrett Wilson 1 0 1 0 0 1 0 0 0 0 0/0 8:55 0:00 3:15
Haydn Fleury 0 0 0 1 0 1 2 0 0 1 0/0 17:49 0:00 5:56
Jordie Benn 1 0 1 -2 0 1 2 0 1 0 0/0 26:29 3:35 6:12
Kasperi Kapanen 0 0 0 -2 2 5 1 1 0 0 1/1 18:45 1:45 1:36
Marcus Pettersson 0 1 1 -2 2 4 1 4 0 2 0/0 20:32 3:35 0:16
Mathew Barzal 0 1 1 -2 0 1 1 0 0 0 18/31 16:40 1:45 0:00
Mathieu Joseph 0 0 0 0 0 0 0 0 0 0 0/1 5:57 0:10 0:00
Phil Oreskovic 0 0 0 1 0 0 2 0 1 0 0/0 17:39 1:35 3:41
Rourke Chartier 1 0 1 1 2 1 0 0 0 0 4/7 9:42 0:10 0:00
Simon Despres 0 0 0 -1 0 2 0 0 0 0 0/0 20:03 0:00 3:41
Sonny Milano 0 1 1 1 0 0 0 0 0 0 0/0 9:48 0:10 0:08
Travis Sanheim 0 0 0 -1 0 1 0 2 2 1 0/0 17:27 1:35 0:00
Tye McGinn 0 1 1 -1 0 0 3 1 2 0 1/1 22:25 3:15 4:48
Vladislav Namestnikov 0 1 1 0 0 0 0 0 0 0 1/1 6:38 0:00 0:51
3 Stars
1 - Jonathan Ferland (BIN)
2 - Andy Andreoff (BIN)
3 - Jake Evans (BIN)
Power Play
Senators - 1 on 5 Attempt(s) - 20.00%
Royaux - 1 on 3 Attempt(s) - 33.33%
Penalty Kill
Senators - 2 on 3 Attempt(s) - 66.67%
- Score 0 goal in Penalty Kill
Royaux - 4 on 5 Attempt(s) - 80.00%
- Score 0 goal in Penalty Kill
Team Stat
Senators - Hits : 14 - Faceoff Wins : 35 - Blocked Shots : 7 - Penalty Minutes : 6
Royaux - Hits : 16 - Faceoff Wins : 39 - Blocked Shots : 12 - Penalty Minutes : 10
Official
Referees : Unknown
Linesman : Unknown
Game Notes
No Game Note
Finance
Level 1 -- Attendance: 1619 (80.95%) -- Ticket Income $56,665
Level 2 -- Attendance: 714 (71.40%) -- Ticket Income $14,280
Total Attendance: 2333 (77.77%)
Total Ticket Income: $70,945
Other Income: $3,547
Total Income: $74,492
Senators
5 vs 5 Forward
Center Left Wing Right Wing Time % Phy DF OF
1 Nathan Gerbe Andy Andreoff Jonathan Ferland 40 1 2 2
2 Jordan Schroeder Nick Foligno Tomas Jurco 30 1 2 2
3 Kevin Rooney Zemgus Girgensons Grant Besse 20 1 2 2
4 Jake Evans A.J. Jenks Brett Bulmer 10 1 2 2
5 vs 5 Defense
Defense Defense Time % Phy DF OF
1 Keegan Lowe Scott Harrington 40 1 2 2
2 Dylan Blujus Eric Mestery 30 1 2 2
3 Jack Dougherty Philippe Myers 20 1 2 2
4 Mason Geertsen Adam Ollas-Mattsson 10 1 2 2
PowerPlay Forward
Center Left Wing Right Wing Time % Phy DF OF
1 Nathan Gerbe Andy Andreoff Jonathan Ferland 60 1 2 2
2 Jordan Schroeder Nick Foligno Tomas Jurco 40 1 2 2
PowerPlay Defense
Defense Defense Time % Phy DF OF
1 Keegan Lowe Scott Harrington 60 1 2 2
2 Dylan Blujus Eric Mestery 40 1 2 2
Penalty Kill 4 Players Forward
Center Wing Time % Phy DF OF
1 Jonathan Ferland Nathan Gerbe 60 1 2 2
2 Andy Andreoff Tomas Jurco 40 1 2 2
Penalty Kill 4 Players Defense
Defense Defense Time % Phy DF OF
1 Keegan Lowe Scott Harrington 60 1 2 2
2 Dylan Blujus Eric Mestery 40 1 2 2
Penalty Kill - 3 Players Forward
Forward Time % Phy DF OF
1 Jonathan Ferland 60 1 2 2
2 Nathan Gerbe 40 1 2 2
Penalty Kill - 3 Players Defense
Defense Defense Time % Phy DF OF
1 Keegan Lowe Scott Harrington 60 1 2 2
2 Dylan Blujus Eric Mestery 40 1 2 2
4 vs 4 Forward
Center Wing Time % Phy DF OF
1 Jonathan Ferland Nathan Gerbe 60 1 2 2
2 Andy Andreoff Tomas Jurco 40 1 2 2
4 vs 4 Defense
Defense Defense Time % Phy DF OF
1 Keegan Lowe Scott Harrington 60 1 2 2
2 Dylan Blujus Eric Mestery 40 1 2 2
Last Minutes Offensive
Center Left Wing Right Wing Defense Defense
Nathan Gerbe Andy Andreoff Jonathan Ferland Keegan Lowe Scott Harrington
Last Minutes Defensive
Center Left Wing Right Wing Defense Defense
Nathan Gerbe Andy Andreoff Jonathan Ferland Keegan Lowe Scott Harrington
Goaltenders
Starting : Justin Peters
Backup : Sami Aittokallio
Extra Forwards
Normal : Anthony Richard, Warren Foegele, Branden Troock - PP : Anthony Richard, Warren Foegele - PK : Branden Troock
Extra Defensemen
Normal : Jack Dougherty, Philippe Myers, Mason Geertsen - PP : Jack Dougherty - PK : Philippe Myers, Mason Geertsen
Penalty Shots
Jonathan Ferland, Nathan Gerbe, Andy Andreoff, Tomas Jurco, Nick Foligno
Scratches
Zach Nastasiuk (Healthy), Chandler Stephenson (Healthy), Jonas Siegenthaler (Healthy), Blake Coleman (Healthy), Pontus Sjalin (Healthy)
Keven Bouchard (Healthy)
Royaux
5 vs 5 Forward
Center Left Wing Right Wing Time % Phy DF OF
1 Dylan Larkin Tye McGinn Ben Hanowski 35 0 2 3
2 Mathew Barzal Brandon Pirri Kasperi Kapanen 35 0 2 3
3 Rourke Chartier Sonny Milano Danny Kristo 20 0 2 3
4 Vladislav Namestnikov Garrett Wilson Mathieu Joseph 10 0 3 2
5 vs 5 Defense
Defense Defense Time % Phy DF OF
1 Travis Sanheim Simon Despres 35 0 3 2
2 Jordie Benn Marcus Pettersson 35 0 3 2
3 Haydn Fleury Phil Oreskovic 15 0 3 2
4 Haydn Fleury Phil Oreskovic 15 0 3 2
PowerPlay Forward
Center Left Wing Right Wing Time % Phy DF OF
1 Dylan Larkin Tye McGinn Ben Hanowski 60 0 1 4
2 Mathew Barzal Brandon Pirri Kasperi Kapanen 40 0 1 4
PowerPlay Defense
Defense Defense Time % Phy DF OF
1 Jordie Benn Marcus Pettersson 60 0 2 3
2 Phil Oreskovic Travis Sanheim 40 0 2 3
Penalty Kill 4 Players Forward
Center Wing Time % Phy DF OF
1 Danny Kristo Tye McGinn 60 0 4 1
2 Ben Hanowski Garrett Wilson 40 0 4 1
Penalty Kill 4 Players Defense
Defense Defense Time % Phy DF OF
1 Jordie Benn Haydn Fleury 60 1 2 2
2 Phil Oreskovic Simon Despres 40 1 2 2
Penalty Kill - 3 Players Forward
Forward Time % Phy DF OF
1 Garrett Wilson 60 0 4 1
2 Danny Kristo 40 0 4 1
Penalty Kill - 3 Players Defense
Defense Defense Time % Phy DF OF
1 Jordie Benn Haydn Fleury 60 1 2 2
2 Phil Oreskovic Simon Despres 40 1 2 2
4 vs 4 Forward
Center Wing Time % Phy DF OF
1 Dylan Larkin Tye McGinn 60 0 2 3
2 Ben Hanowski Kasperi Kapanen 40 0 2 3
4 vs 4 Defense
Defense Defense Time % Phy DF OF
1 Travis Sanheim Haydn Fleury 60 0 3 2
2 Marcus Pettersson Phil Oreskovic 40 0 3 2
Last Minutes Offensive
Center Left Wing Right Wing Defense Defense
Dylan Larkin Tye McGinn Ben Hanowski Marcus Pettersson Travis Sanheim
Last Minutes Defensive
Center Left Wing Right Wing Defense Defense
Danny Kristo Garrett Wilson Tye McGinn Haydn Fleury Simon Despres
Goaltenders
Starting : Igor Shesterkin
Backup : Olivier Roy
Extra Forwards
Normal : Dylan Larkin, Kasperi Kapanen, Danny Kristo - PP : Sonny Milano, Rourke Chartier - PK : Kasperi Kapanen
Extra Defensemen
Normal : Simon Despres, Marcus Pettersson, Haydn Fleury - PP : Haydn Fleury - PK : Marcus Pettersson, Travis Sanheim
Penalty Shots
Dylan Larkin, Rourke Chartier, Danny Kristo, Sonny Milano, Ben Hanowski
Scratches
Troy Terry (Healthy), Tanner Kero (Healthy), Greg McKegg (Healthy), Nikita Pavlychev (Healthy), Brendan Woods (Separated Left Shoulder Injury)
Konrad Abeltshauser (Healthy), Dylan DeMelo (Healthy), Tomas Hyka (Healthy), Ian McCoshen (Healthy), Michael Bunting (Healthy)
Ryan Mantha (Healthy), Jack Ramsey (Healthy), Marcus Hogberg (Healthy)
% Time on Ice - Senators
Lines # - Real PCT - Wanted PCT - Time Play
Normal Forward
1 - 35% - 40% - 15:50
2 - 25% - 30% - 11:23
3 - 23% - 20% - 10:33
4 - 16% - 10% - 7:11
Normal Defense
1 - 44% - 40% - 19:42
2 - 30% - 30% - 13:17
3 - 19% - 20% - 8:30
4 - 8% - 10% - 3:28
PP Forward
1 - 55% - 60% - 5:26
2 - 45% - 40% - 4:27
PP Defense
1 - 62% - 60% - 6:06
2 - 38% - 40% - 3:47
PK Forward
1 - 82% - 60% - 4:13
2 - 18% - 40% - 0:57
PK Defense
1 - 58% - 60% - 3:01
2 - 42% - 40% - 2:09
PK3 Forward
1 - 0% - 60%
2 - 0% - 40%
PK3 Defense
1 - 0% - 60%
2 - 0% - 40%
44 Forward
1 - 0% - 60%
2 - 0% - 40%
44 Defense
1 - 0% - 60%
2 - 0% - 40%
Last Minute Offensive - 0:00
Last Minute Defensive - 0:00
Total
Forward - 60:00
Defense - 60:00
|
% Time on Ice - Royaux
Lines # - Real PCT - Wanted PCT - Time Play
Normal Forward
1 - 33% - 35% - 14:59
2 - 34% - 35% - 15:15
3 - 20% - 20% - 9:03
4 - 13% - 10% - 5:40
Normal Defense
1 - 38% - 35% - 17:17
2 - 35% - 35% - 15:47
3 - 13% - 15% - 5:51
4 - 13% - 15% - 6:02
PP Forward
1 - 66% - 60% - 3:25
2 - 34% - 40% - 1:45
PP Defense
1 - 69% - 60% - 3:35
2 - 31% - 40% - 1:35
PK Forward
1 - 74% - 60% - 7:20
2 - 26% - 40% - 2:33
PK Defense
1 - 63% - 60% - 6:12
2 - 37% - 40% - 3:41
PK3 Forward
1 - 0% - 60%
2 - 0% - 40%
PK3 Defense
1 - 0% - 60%
2 - 0% - 40%
44 Forward
1 - 0% - 60%
2 - 0% - 40%
44 Defense
1 - 0% - 60%
2 - 0% - 40%
Last Minute Offensive - 0:00
Last Minute Defensive - 0:00
Total
Forward - 60:00
Defense - 60:00
|
Play-by-Play
1st period
0:01 of 1st period - Nathan Gerbe wins face-off versus Dylan Larkin in neutral zone.
0:38 of 1st period - Icing by Travis Sanheim.
0:39 of 1st period - Kevin Rooney wins face-off versus Mathew Barzal in Royaux zone.
0:42 of 1st period - Snap shot by Zemgus Girgensons.
0:42 of 1st period - Shot Misses the Net.
0:44 of 1st period - Slapshot by Philippe Myers.
0:44 of 1st period - Deflect By Grant Besse.
0:44 of 1st period - Stopped by Igor Shesterkin without a rebound.
0:45 of 1st period - Rourke Chartier wins face-off versus Kevin Rooney in Royaux zone.
0:52 of 1st period - Grant Besse is hit by Jordie Benn and loses puck.
1:32 of 1st period - Off-side.
1:33 of 1st period - Tye McGinn wins face-off versus Jake Evans in neutral zone.
1:40 of 1st period - Snap shot by Ben Hanowski.
1:40 of 1st period - Stopped by Justin Peters with a rebound.
2:02 of 1st period - Wrist shot by Danny Kristo.
2:02 of 1st period - Stopped by Justin Peters with a rebound.
3:02 of 1st period - Slapshot by Jake Evans.
3:02 of 1st period - Stopped by Igor Shesterkin with a rebound.
3:06 of 1st period - Snap shot by A.J. Jenks.
3:06 of 1st period - Shot Misses the Net.
3:12 of 1st period - Snap shot by A.J. Jenks.
3:12 of 1st period - Stopped by Igor Shesterkin with a rebound.
3:30 of 1st period - Snap shot by Jake Evans.
3:30 of 1st period - Goal by Jake Evans - Senators : 1 - Royaux : 0.
3:31 of 1st period - Nathan Gerbe wins face-off versus Brandon Pirri in neutral zone.
3:44 of 1st period - Backhand shot by Nathan Gerbe.
3:44 of 1st period - Deflect By Jonathan Ferland.
3:44 of 1st period - Shot Misses the Net.
3:44 of 1st period - Puck is out of play.
3:45 of 1st period - Jordan Schroeder wins face-off versus Dylan Larkin in Royaux zone.
4:17 of 1st period - Snap shot by Nathan Gerbe.
4:17 of 1st period - Shot Misses the Net.
4:37 of 1st period - Kevin Rooney is hit by Haydn Fleury and loses puck.
4:48 of 1st period - Wrist shot by Danny Kristo.
4:48 of 1st period - Shot Misses the Net.
5:40 of 1st period - Snap shot by Brandon Pirri.
5:40 of 1st period - Shot Misses the Net.
5:42 of 1st period - Slapshot by Marcus Pettersson.
5:42 of 1st period - Stopped by Justin Peters without a rebound.
5:43 of 1st period - Jonathan Ferland wins face-off versus Dylan Larkin in Senators zone.
6:08 of 1st period - Scott Harrington is hit by Brandon Pirri.
6:48 of 1st period - Andy Andreoff is hit by Tye McGinn and loses puck.
6:57 of 1st period - Jonathan Ferland is hit by Dylan Larkin and loses puck.
7:10 of 1st period - Wrist shot by Mathew Barzal.
7:10 of 1st period - Shot Misses the Net.
7:18 of 1st period - Slapshot by Mathew Barzal.
7:18 of 1st period - Shot Misses the Net.
9:10 of 1st period - Wrist shot by Brandon Pirri.
9:10 of 1st period - Stopped by Justin Peters without a rebound.
9:11 of 1st period - Mathew Barzal wins face-off versus Jake Evans in Senators zone.
9:16 of 1st period - Wrist shot by Brandon Pirri.
9:16 of 1st period - Deflect By Kasperi Kapanen.
9:16 of 1st period - Shot Misses the Net.
9:16 of 1st period - Puck is out of play.
9:17 of 1st period - Nathan Gerbe wins face-off versus Dylan Larkin in Senators zone.
9:21 of 1st period - Off-side.
9:22 of 1st period - Nathan Gerbe wins face-off versus Dylan Larkin in neutral zone.
9:48 of 1st period - Slapshot by Jordan Schroeder.
9:48 of 1st period - Stopped by Igor Shesterkin without a rebound.
9:49 of 1st period - Jordan Schroeder wins face-off versus Mathew Barzal in Royaux zone.
10:11 of 1st period - Icing by Jack Dougherty.
10:12 of 1st period - Dylan Larkin wins face-off versus Nathan Gerbe in Senators zone.
10:24 of 1st period - Snap shot by Ben Hanowski.
10:24 of 1st period - Shot Misses the Net.
10:28 of 1st period - Wrist shot by Tye McGinn.
10:28 of 1st period - Shot Misses the Net.
10:50 of 1st period - Slapshot by Jordan Schroeder.
10:50 of 1st period - Stopped by Igor Shesterkin without a rebound.
10:51 of 1st period - Dylan Larkin wins face-off versus Kevin Rooney in Royaux zone.
10:51 of 1st period - Dylan Larkin is hit by Grant Besse.
11:03 of 1st period - Wrist shot by Ben Hanowski.
11:03 of 1st period - Stopped by Justin Peters without a rebound.
11:04 of 1st period - Mathew Barzal wins face-off versus Nathan Gerbe in Senators zone.
11:05 of 1st period - Wrist shot by Brandon Pirri.
11:05 of 1st period - Shot Misses the Net.
11:07 of 1st period - Wrist shot by Mathew Barzal.
11:07 of 1st period - Shot Misses the Net.
11:09 of 1st period - Slapshot by Travis Sanheim.
11:09 of 1st period - Stopped by Justin Peters without a rebound.
11:10 of 1st period - Mathew Barzal wins face-off versus Jonathan Ferland in Senators zone.
11:11 of 1st period - Wrist shot by Brandon Pirri.
11:11 of 1st period - Shot Misses the Net.
11:13 of 1st period - Wrist shot by Kasperi Kapanen.
11:13 of 1st period - Shot Misses the Net.
11:15 of 1st period - Wrist shot by Kasperi Kapanen.
11:15 of 1st period - Shot Blocked by Scott Harrington.
11:17 of 1st period - Snap shot by Simon Despres.
11:17 of 1st period - Deflect By Scott Harrington.
11:17 of 1st period - Stopped by Justin Peters with a rebound.
11:19 of 1st period - Slapshot by Simon Despres.
11:19 of 1st period - Shot Misses the Net.
11:37 of 1st period - Slapshot by Tomas Jurco.
11:37 of 1st period - Stopped by Igor Shesterkin without a rebound.
11:38 of 1st period - Jordan Schroeder wins face-off versus Dylan Larkin in Royaux zone.
13:00 of 1st period - Wrist shot by A.J. Jenks.
13:00 of 1st period - Stopped by Igor Shesterkin without a rebound.
13:01 of 1st period - Nathan Gerbe wins face-off versus Mathew Barzal in Royaux zone.
13:02 of 1st period - Snap shot by Jonathan Ferland.
13:02 of 1st period - Stopped by Igor Shesterkin with a rebound.
13:04 of 1st period - Wrist shot by Nathan Gerbe.
13:04 of 1st period - Stopped by Igor Shesterkin without a rebound.
13:05 of 1st period - Mathew Barzal wins face-off versus Nathan Gerbe in Royaux zone.
13:07 of 1st period - Minor Penalty to Brandon Pirri for Holding.
13:08 of 1st period - Nathan Gerbe wins face-off versus Danny Kristo in Royaux zone.
15:07 of 1st period - Penalty to Brandon Pirri is over, Brandon Pirri is back on ice.
16:03 of 1st period - Slapshot by A.J. Jenks.
16:03 of 1st period - Shot Misses the Net.
16:27 of 1st period - Wrist shot by Ben Hanowski.
16:27 of 1st period - Stopped by Justin Peters without a rebound.
16:28 of 1st period - Kevin Rooney wins face-off versus Dylan Larkin in Senators zone.
16:51 of 1st period - Off-side.
16:52 of 1st period - Mathew Barzal wins face-off versus Nathan Gerbe in neutral zone.
16:58 of 1st period - Off-side.
16:59 of 1st period - Mathew Barzal wins face-off versus Nathan Gerbe in neutral zone.
17:11 of 1st period - Icing by Marcus Pettersson.
17:12 of 1st period - Nathan Gerbe wins face-off versus Mathew Barzal in Royaux zone.
17:13 of 1st period - Snap shot by Jonathan Ferland.
17:13 of 1st period - Shot Blocked by Kasperi Kapanen.
17:35 of 1st period - Slapshot by Brandon Pirri.
17:35 of 1st period - Shot Misses the Net.
17:37 of 1st period - Slapshot by Jordie Benn.
17:37 of 1st period - Goal by Jordie Benn - Senators : 1 - Royaux : 1.
17:38 of 1st period - Rourke Chartier wins face-off versus Nathan Gerbe in neutral zone.
18:34 of 1st period - Slapshot by Dylan Larkin.
18:34 of 1st period - Stopped by Justin Peters without a rebound.
18:35 of 1st period - Nathan Gerbe wins face-off versus Rourke Chartier in Senators zone.
18:48 of 1st period - Snap shot by Nathan Gerbe.
18:48 of 1st period - Stopped by Igor Shesterkin with a rebound.
18:50 of 1st period - Wrist shot by Nathan Gerbe.
18:50 of 1st period - Shot Blocked by Danny Kristo.
19:02 of 1st period - Wrist shot by Brandon Pirri.
19:02 of 1st period - Stopped by Justin Peters without a rebound.
19:03 of 1st period - Mathew Barzal wins face-off versus Jordan Schroeder in Senators zone.
19:28 of 1st period - Dylan Larkin is hit by Nathan Gerbe and loses puck.
Goals for this period are 1 for Senators vs 1 for Royaux.
Shots for this period are 11 for Senators vs 11 for Royaux.
2nd period
0:01 of 2nd period - Nathan Gerbe wins face-off versus Mathew Barzal in neutral zone.
0:35 of 2nd period - Snap shot by Nick Foligno.
0:35 of 2nd period - Shot Blocked by Tye McGinn.
1:30 of 2nd period - Slapshot by Keegan Lowe.
1:30 of 2nd period - Shot Misses the Net.
1:44 of 2nd period - Keegan Lowe is hit by Brandon Pirri and loses puck.
2:01 of 2nd period - Wrist shot by Nathan Gerbe.
2:01 of 2nd period - Shot Misses the Net.
2:03 of 2nd period - Slapshot by Keegan Lowe.
2:03 of 2nd period - Stopped by Igor Shesterkin without a rebound.
2:04 of 2nd period - Dylan Larkin wins face-off versus Nick Foligno in Royaux zone.
2:14 of 2nd period - Slapshot by Haydn Fleury.
2:14 of 2nd period - Stopped by Justin Peters without a rebound.
2:15 of 2nd period - Jordan Schroeder wins face-off versus Dylan Larkin in Senators zone.
2:15 of 2nd period - Jordan Schroeder is hit by Jordie Benn.
2:27 of 2nd period - Wrist shot by Jordan Schroeder.
2:27 of 2nd period - Shot Misses the Net.
3:00 of 2nd period - Slapshot by Jordan Schroeder.
3:00 of 2nd period - Deflect By Tomas Jurco.
3:00 of 2nd period - Stopped by Igor Shesterkin without a rebound.
3:01 of 2nd period - Nathan Gerbe wins face-off versus Mathew Barzal in Royaux zone.
3:38 of 2nd period - Off-side.
3:39 of 2nd period - Rourke Chartier wins face-off versus Kevin Rooney in neutral zone.
3:52 of 2nd period - Backhand shot by Rourke Chartier.
3:52 of 2nd period - Shot Misses the Net.
4:08 of 2nd period - Off-side.
4:09 of 2nd period - Nathan Gerbe wins face-off versus Mathew Barzal in neutral zone.
4:09 of 2nd period - Nathan Gerbe is hit by Mathew Barzal.
4:14 of 2nd period - Icing by Marcus Pettersson.
4:15 of 2nd period - Nathan Gerbe wins face-off versus Mathew Barzal in Royaux zone.
4:16 of 2nd period - Wrist shot by Jonathan Ferland.
4:16 of 2nd period - Goal by Jonathan Ferland - Senators : 2 - Royaux : 1.
4:17 of 2nd period - Jonathan Ferland wins face-off versus Dylan Larkin in neutral zone.
4:42 of 2nd period - Brandon Pirri is hit by Nick Foligno and loses puck.
5:02 of 2nd period - Eric Mestery is hit by Marcus Pettersson.
5:10 of 2nd period - Wrist shot by Garrett Wilson.
5:10 of 2nd period - Deflect By Jordan Schroeder.
5:10 of 2nd period - Shot Misses the Net.
5:10 of 2nd period - Puck is out of play.
5:11 of 2nd period - Nathan Gerbe wins face-off versus Dylan Larkin in Senators zone.
5:26 of 2nd period - Snap shot by Jonathan Ferland.
5:26 of 2nd period - Shot Blocked by Travis Sanheim.
5:45 of 2nd period - Icing by Kevin Rooney.
5:46 of 2nd period - Rourke Chartier wins face-off versus Grant Besse in Senators zone.
5:47 of 2nd period - Wrist shot by Danny Kristo.
5:47 of 2nd period - Shot Misses the Net.
6:09 of 2nd period - Snap shot by Kevin Rooney.
6:09 of 2nd period - Stopped by Igor Shesterkin with a rebound.
6:11 of 2nd period - Backhand shot by Kevin Rooney.
6:11 of 2nd period - Shot Blocked by Marcus Pettersson.
6:13 of 2nd period - Slapshot by Keegan Lowe.
6:13 of 2nd period - Stopped by Igor Shesterkin with a rebound.
6:15 of 2nd period - Snap shot by Kevin Rooney.
6:15 of 2nd period - Shot Misses the Net.
6:17 of 2nd period - Slapshot by Scott Harrington.
6:17 of 2nd period - Stopped by Igor Shesterkin without a rebound.
6:18 of 2nd period - Mathew Barzal wins face-off versus Nathan Gerbe in Royaux zone.
6:24 of 2nd period - Minor Penalty to Andy Andreoff for Holding.
6:25 of 2nd period - Dylan Larkin wins face-off versus Nathan Gerbe in Senators zone.
6:44 of 2nd period - Keegan Lowe is hit by Tye McGinn and loses puck.
7:11 of 2nd period - Wrist shot by Tomas Jurco.
7:11 of 2nd period - Shot Blocked by Marcus Pettersson.
8:24 of 2nd period - Penalty to Andy Andreoff is over, Andy Andreoff is back on ice.
9:19 of 2nd period - Wrist shot by Kevin Rooney.
9:19 of 2nd period - Stopped by Igor Shesterkin without a rebound.
9:20 of 2nd period - Brandon Pirri wins face-off versus Kevin Rooney in Royaux zone.
9:31 of 2nd period - Wrist shot by Zemgus Girgensons.
9:31 of 2nd period - Stopped by Igor Shesterkin without a rebound.
9:32 of 2nd period - Nathan Gerbe wins face-off versus Dylan Larkin in Royaux zone.
10:29 of 2nd period - Slapshot by Danny Kristo.
10:29 of 2nd period - Deflect By Sonny Milano.
10:29 of 2nd period - Shot Blocked by Eric Mestery.
10:29 of 2nd period - Puck is out of play.
10:30 of 2nd period - Dylan Larkin wins face-off versus Nathan Gerbe in Senators zone.
11:20 of 2nd period - Snap shot by Ben Hanowski.
11:20 of 2nd period - Shot Blocked by Nick Foligno.
11:22 of 2nd period - Slapshot by Simon Despres.
11:22 of 2nd period - Stopped by Justin Peters without a rebound.
11:23 of 2nd period - Nathan Gerbe wins face-off versus Mathew Barzal in Senators zone.
11:32 of 2nd period - Slapshot by Jonathan Ferland.
11:32 of 2nd period - Stopped by Igor Shesterkin without a rebound.
11:33 of 2nd period - Kasperi Kapanen wins face-off versus Nathan Gerbe in Royaux zone.
11:41 of 2nd period - Off-side.
11:42 of 2nd period - Mathew Barzal wins face-off versus Andy Andreoff in neutral zone.
11:47 of 2nd period - Wrist shot by Kasperi Kapanen.
11:47 of 2nd period - Deflect By Brandon Pirri.
11:47 of 2nd period - Stopped by Justin Peters with a rebound.
11:49 of 2nd period - Slapshot by Marcus Pettersson.
11:49 of 2nd period - Shot Misses the Net.
11:51 of 2nd period - Slapshot by Jordie Benn.
11:51 of 2nd period - Shot Blocked by Eric Mestery.
11:53 of 2nd period - Wrist shot by Kasperi Kapanen.
11:53 of 2nd period - Stopped by Justin Peters without a rebound.
11:54 of 2nd period - Nathan Gerbe wins face-off versus Mathew Barzal in Senators zone.
11:59 of 2nd period - Wrist shot by Kasperi Kapanen.
11:59 of 2nd period - Shot Misses the Net.
12:19 of 2nd period - Dylan Larkin is hit by Nick Foligno and loses puck.
12:32 of 2nd period - Dylan Larkin is hit by Tomas Jurco and loses puck.
12:45 of 2nd period - Zemgus Girgensons is hit by Phil Oreskovic.
12:48 of 2nd period - Off-side.
12:49 of 2nd period - Nathan Gerbe wins face-off versus Mathew Barzal in neutral zone.
13:25 of 2nd period - Slapshot by Jordan Schroeder.
13:25 of 2nd period - Stopped by Igor Shesterkin without a rebound.
13:26 of 2nd period - Mathew Barzal wins face-off versus Kevin Rooney in Royaux zone.
13:26 of 2nd period - Mathew Barzal is hit by Eric Mestery.
13:41 of 2nd period - Minor Penalty to Kasperi Kapanen for Hooking.
13:42 of 2nd period - Danny Kristo wins face-off versus Nathan Gerbe in Royaux zone.
14:59 of 2nd period - Snap shot by Jordie Benn.
14:59 of 2nd period - Deflect By Brandon Pirri.
14:59 of 2nd period - Stopped by Justin Peters with a rebound.
15:07 of 2nd period - Jordan Schroeder is hit by Haydn Fleury and loses puck.
15:41 of 2nd period - Penalty to Kasperi Kapanen is over, Kasperi Kapanen is back on ice.
16:15 of 2nd period - Slapshot by Jake Evans.
16:15 of 2nd period - Shot Misses the Net.
16:17 of 2nd period - Snap shot by A.J. Jenks.
16:17 of 2nd period - Goal by A.J. Jenks - Senators : 3 - Royaux : 1.
16:18 of 2nd period - Nathan Gerbe wins face-off versus Dylan Larkin in neutral zone.
16:29 of 2nd period - Marcus Pettersson is hit by Andy Andreoff and loses puck.
16:48 of 2nd period - Jack Dougherty is hit by Kasperi Kapanen and loses puck.
16:55 of 2nd period - Slapshot by Marcus Pettersson.
16:55 of 2nd period - Stopped by Justin Peters without a rebound.
16:56 of 2nd period - Nathan Gerbe wins face-off versus Rourke Chartier in Senators zone.
17:09 of 2nd period - Wrist shot by Jonathan Ferland.
17:09 of 2nd period - Shot Blocked by Travis Sanheim.
17:23 of 2nd period - Tomas Jurco is hit by Tye McGinn and loses puck.
17:48 of 2nd period - Wrist shot by Zemgus Girgensons.
17:48 of 2nd period - Shot Misses the Net.
17:50 of 2nd period - Wrist shot by Kevin Rooney.
17:50 of 2nd period - Stopped by Igor Shesterkin without a rebound.
17:51 of 2nd period - Kevin Rooney wins face-off versus Mathew Barzal in Royaux zone.
17:56 of 2nd period - Snap shot by Zemgus Girgensons.
17:56 of 2nd period - Shot Blocked by Marcus Pettersson.
18:19 of 2nd period - Minor Penalty to Marcus Pettersson for Hooking.
18:20 of 2nd period - Danny Kristo wins face-off versus Nathan Gerbe in Royaux zone.
18:31 of 2nd period - Haydn Fleury is hit by Andy Andreoff and loses puck.
Goals for this period are 2 for Senators vs 0 for Royaux.
Shots for this period are 12 for Senators vs 6 for Royaux.
3rd period
0:01 of 3rd period - Danny Kristo wins face-off versus Nathan Gerbe in neutral zone.
0:14 of 3rd period - Wrist shot by Jonathan Ferland.
0:14 of 3rd period - Shot Misses the Net.
0:16 of 3rd period - Wrist shot by Andy Andreoff.
0:16 of 3rd period - Goal by Andy Andreoff - Senators : 4 - Royaux : 1.
0:17 of 3rd period - Mathew Barzal wins face-off versus Nathan Gerbe in neutral zone.
0:22 of 3rd period - Wrist shot by Brandon Pirri.
0:22 of 3rd period - Shot Hit the Post.
0:24 of 3rd period - Snap shot by Mathew Barzal.
0:24 of 3rd period - Deflect By Kasperi Kapanen.
0:24 of 3rd period - Shot Blocked by Keegan Lowe.
0:24 of 3rd period - Puck is out of play.
0:25 of 3rd period - Mathew Barzal wins face-off versus Nathan Gerbe in Senators zone.
1:18 of 3rd period - Wrist shot by Kevin Rooney.
1:18 of 3rd period - Shot Misses the Net.
1:23 of 3rd period - Minor Penalty to Rourke Chartier for Holding.
1:24 of 3rd period - Danny Kristo wins face-off versus Nathan Gerbe in Royaux zone.
1:28 of 3rd period - Slapshot by Jonathan Ferland.
1:28 of 3rd period - Stopped by Igor Shesterkin without a rebound.
1:29 of 3rd period - Danny Kristo wins face-off versus Nathan Gerbe in Royaux zone.
1:42 of 3rd period - Wrist shot by Jonathan Ferland.
1:42 of 3rd period - Shot Misses the Net.
1:44 of 3rd period - Snap shot by Scott Harrington.
1:44 of 3rd period - Shot Misses the Net.
1:54 of 3rd period - Snap shot by Jordan Schroeder.
1:54 of 3rd period - Shot Blocked by Ben Hanowski.
3:23 of 3rd period - Penalty to Rourke Chartier is over, Rourke Chartier is back on ice.
3:33 of 3rd period - Slapshot by Brandon Pirri.
3:33 of 3rd period - Shot Misses the Net.
3:45 of 3rd period - Wrist shot by Rourke Chartier.
3:45 of 3rd period - Deflect By Kasperi Kapanen.
3:45 of 3rd period - Shot Blocked by Keegan Lowe.
3:45 of 3rd period - Puck is out of play.
3:46 of 3rd period - Vladislav Namestnikov wins face-off versus Kevin Rooney in Senators zone.
3:47 of 3rd period - Snap shot by Garrett Wilson.
3:47 of 3rd period - Goal by Garrett Wilson - Senators : 4 - Royaux : 2.
3:48 of 3rd period - Nathan Gerbe wins face-off versus Mathew Barzal in neutral zone.
3:51 of 3rd period - Snap shot by Jonathan Ferland.
3:51 of 3rd period - Shot Misses the Net.
3:53 of 3rd period - Slapshot by Andy Andreoff.
3:53 of 3rd period - Goal by Andy Andreoff - Senators : 5 - Royaux : 2.
3:54 of 3rd period - Mathew Barzal wins face-off versus Nathan Gerbe in neutral zone.
3:57 of 3rd period - Slapshot by Marcus Pettersson.
3:57 of 3rd period - Stopped by Justin Peters with a rebound.
3:59 of 3rd period - Snap shot by Mathew Barzal.
3:59 of 3rd period - Deflect By Kasperi Kapanen.
3:59 of 3rd period - Stopped by Justin Peters with a rebound.
4:01 of 3rd period - Wrist shot by Kasperi Kapanen.
4:01 of 3rd period - Stopped by Justin Peters with a rebound.
4:03 of 3rd period - Slapshot by Mathew Barzal.
4:03 of 3rd period - Stopped by Justin Peters with a rebound.
4:05 of 3rd period - Snap shot by Mathew Barzal.
4:05 of 3rd period - Deflect By Kasperi Kapanen.
4:05 of 3rd period - Stopped by Justin Peters with a rebound.
4:07 of 3rd period - Snap shot by Mathew Barzal.
4:07 of 3rd period - Shot Blocked by Nathan Gerbe.
4:09 of 3rd period - Snap shot by Marcus Pettersson.
4:09 of 3rd period - Stopped by Justin Peters with a rebound.
4:26 of 3rd period - Slapshot by Dylan Larkin.
4:26 of 3rd period - Stopped by Justin Peters without a rebound.
4:27 of 3rd period - Mathew Barzal wins face-off versus Nick Foligno in Senators zone.
5:13 of 3rd period - Slapshot by Eric Mestery.
5:13 of 3rd period - Shot Blocked by Marcus Pettersson.
5:15 of 3rd period - Snap shot by Jack Dougherty.
5:15 of 3rd period - Deflect By Kevin Rooney.
5:15 of 3rd period - Stopped by Igor Shesterkin without a rebound.
5:15 of 3rd period - Minor Penalty to Igor Shesterkin for Delaying the game.
5:16 of 3rd period - Danny Kristo wins face-off versus Nathan Gerbe in Royaux zone.
5:16 of 3rd period - Danny Kristo is hit by Nathan Gerbe.
5:42 of 3rd period - Snap shot by Jordan Schroeder.
5:42 of 3rd period - Shot Misses the Net.
5:44 of 3rd period - Snap shot by Tomas Jurco.
5:44 of 3rd period - Shot Blocked by Ben Hanowski.
6:06 of 3rd period - Danny Kristo is hit by Jonathan Ferland and loses puck.
7:15 of 3rd period - Penalty to Rourke Chartier is over, Rourke Chartier is back on ice.
7:57 of 3rd period - Mathew Barzal is hit by Brett Bulmer and loses puck.
8:35 of 3rd period - Jordie Benn is hit by Kevin Rooney.
8:45 of 3rd period - Icing by Kevin Rooney.
8:46 of 3rd period - Kevin Rooney wins face-off versus Mathieu Joseph in Senators zone.
9:09 of 3rd period - Andy Andreoff is hit by Phil Oreskovic and loses puck.
9:22 of 3rd period - Snap shot by Rourke Chartier.
9:22 of 3rd period - Goal by Rourke Chartier - Senators : 5 - Royaux : 3.
9:23 of 3rd period - Nathan Gerbe wins face-off versus Dylan Larkin in neutral zone.
10:16 of 3rd period - Snap shot by Danny Kristo.
10:16 of 3rd period - Shot Misses the Net.
11:15 of 3rd period - Snap shot by Ben Hanowski.
11:15 of 3rd period - Stopped by Justin Peters with a rebound.
11:18 of 3rd period - Minor Penalty to Tomas Jurco for Slashing.
11:19 of 3rd period - Dylan Larkin wins face-off versus Jonathan Ferland in Senators zone.
11:26 of 3rd period - Nathan Gerbe is hit by Dylan Larkin and loses puck.
12:10 of 3rd period - Icing by Dylan Larkin.
12:11 of 3rd period - Dylan Larkin wins face-off versus Andy Andreoff in Royaux zone.
12:26 of 3rd period - Slapshot by Dylan Larkin.
12:26 of 3rd period - Stopped by Justin Peters with a rebound.
12:28 of 3rd period - Slapshot by Marcus Pettersson.
12:28 of 3rd period - Shot Misses the Net.
12:30 of 3rd period - Wrist shot by Dylan Larkin.
12:30 of 3rd period - Goal by Dylan Larkin - Senators : 5 - Royaux : 4.
12:31 of 3rd period - Mathew Barzal wins face-off versus Nathan Gerbe in neutral zone.
13:30 of 3rd period - Backhand shot by Keegan Lowe.
13:30 of 3rd period - Stopped by Igor Shesterkin with a rebound.
13:32 of 3rd period - Wrist shot by Jonathan Ferland.
13:32 of 3rd period - Stopped by Igor Shesterkin without a rebound.
13:33 of 3rd period - Jordan Schroeder wins face-off versus Dylan Larkin in Royaux zone.
13:40 of 3rd period - Snap shot by Nick Foligno.
13:40 of 3rd period - Goal by Nick Foligno - Senators : 6 - Royaux : 4.
13:41 of 3rd period - Mathew Barzal wins face-off versus Jordan Schroeder in neutral zone.
14:06 of 3rd period - Dylan Larkin is hit by Grant Besse and loses puck.
14:15 of 3rd period - Wrist shot by Kevin Rooney.
14:15 of 3rd period - Shot Blocked by Ben Hanowski.
14:17 of 3rd period - Slapshot by Scott Harrington.
14:17 of 3rd period - Stopped by Igor Shesterkin with a rebound.
14:27 of 3rd period - Wrist shot by Nathan Gerbe.
14:27 of 3rd period - Stopped by Igor Shesterkin with a rebound.
14:35 of 3rd period - Marcus Pettersson is hit by Jonathan Ferland and loses puck.
14:48 of 3rd period - Wrist shot by Kasperi Kapanen.
14:48 of 3rd period - Stopped by Justin Peters with a rebound.
14:54 of 3rd period - Wrist shot by Scott Harrington.
14:54 of 3rd period - Stopped by Igor Shesterkin without a rebound.
14:55 of 3rd period - Mathew Barzal wins face-off versus Jake Evans in Royaux zone.
15:22 of 3rd period - Snap shot by Brandon Pirri.
15:22 of 3rd period - Stopped by Justin Peters without a rebound.
15:23 of 3rd period - Kevin Rooney wins face-off versus Rourke Chartier in Senators zone.
16:03 of 3rd period - Minor Penalty to Nathan Gerbe for Roughing.
16:04 of 3rd period - Jonathan Ferland wins face-off versus Dylan Larkin in Senators zone.
16:31 of 3rd period - Snap shot by Jonathan Ferland.
16:31 of 3rd period - Shot Misses the Net.
18:03 of 3rd period - Penalty to Nathan Gerbe is over, Nathan Gerbe is back on ice.
18:09 of 3rd period - Off-side.
18:10 of 3rd period - Mathew Barzal wins face-off versus Jordan Schroeder in neutral zone.
19:20 of 3rd period - Slapshot by Dylan Blujus.
19:20 of 3rd period - Shot Misses the Net.
19:22 of 3rd period - Wrist shot by Kevin Rooney.
19:22 of 3rd period - Deflect By Grant Besse.
19:22 of 3rd period - Shot Misses the Net.
19:22 of 3rd period - Puck is out of play.
19:23 of 3rd period - Jordan Schroeder wins face-off versus Danny Kristo in Royaux zone.
Goals for this period are 3 for Senators vs 3 for Royaux.
Shots for this period are 10 for Senators vs 14 for Royaux.